 Dungeon Crawl Stone Soup version 0.29.1-15-g9cfb28693d (webtiles) character file.

Game seed: 6153304569698013188

16 MisterFreud the Twirler (level 2, -4/22 HPs)
             Began as a Formicid Gladiator on Apr 10, 2023.
             Shot with a sling bullet by a gnoll (10 damage)
             ... on level 2 of the Dungeon.
             The game lasted 00:01:24 (941 turns).

MisterFreud the Twirler (Formicid Gladiator)         Turns: 941, Time: 00:01:25

Health: -4/22      AC:  4    Str: 18    XL:     2   Next: 70%
Magic:  2/2        EV: 12    Int:  7    God:
Gold:   84         SH:  0    Dex: 15    Spells: 1/1 levels left

rFire   . . .      SeeInvis +   a - +0 quarterstaff
rCold   . . .      Faith    .   (no shield)
rNeg    . . .      Spirit   .   b - +0 leather armour
rPois   .          Reflect  .   (helmet unavailable)
rElec   .          Harm     .   (no cloak)
rCorr   .          Rampage  .   (no gloves)
Will    .....                   h - +0 pair of boots
Stlth   +.........              (no amulet)
HPRegen 0.07/turn               (no ring)
MPRegen 0.08/turn               (no ring)

@: no status effects
A: permanent stasis, dig shafts and tunnels, antennae 3, four strong arms
a: Dig, Shaft Self


You were on level 2 of the Dungeon.
You visited 1 branch of the dungeon, and saw 2 of its levels.

You collected 84 gold pieces.

Inventory:

Hand Weapons
 a - a +0 quarterstaff (weapon)
Missiles
 c - 3 throwing nets (quivered)
 d - 6 javelins
Armour
 b - a +0 leather armour (worn)
 h - a +0 pair of boots (worn)
Jewellery
 e - an amulet of regeneration
Scrolls
 f - a scroll of identify {unknown}
Potions
 g - a potion of brilliance {unknown}
 i - a potion of ambrosia {unknown}


   Skills:
 - Level 2.1 Fighting
 + Level 3.8 Staves
 - Level 2.0 Throwing
 - Level 2.6 Dodging


You had one spell level left.
You didn't know any spells.
Your spell library contained the following spells:

 Spells                   Type           Power      Damage    Failure   Level
 Ozocubu's Armour         Ice            0%         N/A       86%         3
 Metabolic Englaciation   Hex/Ice        0%         N/A       100%        5
 Simulacrum               Ice/Necr       0%         N/A       100%        6


Dungeon Overview and Level Annotations

Branches:
Dungeon (2/15)

Altars:


Innate Abilities, Weirdness & Mutations

You cannot be hasted, slowed, berserked, paralysed or teleported.
You can dig through walls and to a lower floor.
You have a pair of large antennae on your head. (SInv)
Your four strong arms can wield two-handed weapons with a shield.


Message History

The gnoll barely misses you.
You climb upwards.
There is a stone staircase leading down here.
There is a stone staircase leading down here.
You start resting.
HP restored.
You climb downwards.
There is a stone staircase leading up here.
i - a viscous brown potion You sense a monster nearby. 2 gnolls come into view.
The gnoll shouts! x2
The gnoll shoots a sling bullet.
The sling bullet barely misses you.
You see here a smoky sapphire potion.
There are monsters nearby!
The gnoll shoots a sling bullet.
The sling bullet barely misses you.
The gnoll shoots a sling bullet.
The sling bullet misses you.
You see here a smoky sapphire potion.
You see here a bat skeleton.
The gnoll hits you from afar with a +0 spear.
The gnoll misses you.
You see here a bat skeleton.
You hit the gnoll.
The gnoll is lightly wounded.
The gnoll misses you. The gnoll hits you with a +0 spear!
You barely miss the gnoll.
The gnoll is lightly wounded.
The gnoll hits you but does no damage. x2
You are too injured to fight recklessly!
You hit the gnoll but do no damage.
The gnoll is lightly wounded.
The gnoll closely misses you. The gnoll hits you with a +0 spear.
You are too injured to fight recklessly!
You barely miss the gnoll.
The gnoll is lightly wounded.
The gnoll hits you from afar with a +0 spear.
* * * LOW HITPOINT WARNING * * *
The gnoll closely misses you. x2
The gnoll shoots a sling bullet.
The sling bullet hits you!
You die...

#.........?#.............
. #.......#.###+#.......
##g.!.....# #.......
........#.#.#####.........
###.##..#g...........#...#
# #.g#g#{#.....#..#
#.g#รท#.#.........
#..#.#.# #####..# ...#@#.#
#..# ...#.#.#######..#
.............##..#
....##.#...#.##..#####
#.#.#.##.#.#.##....... #
## #.#.#....######
#.#.####.# ..#.# #.# #...#
#.#


You could see 2 gnolls.

Vanquished Creatures
  2 ball pythons (D:1)
  2 bats
  A giant cockroach (D:1)
  A goblin (D:1)
  2 hobgoblins (D:1)
  2 kobolds (D:1)
  A quokka (D:1)
  2 rats (D:1)
13 creatures vanquished.

Notes
Turn   | Place    | Note
-------+----------+-------------------------------------------
     0 | D:1      | MisterFreud the Formicid Gladiator began the quest for the
                  | Orb.
     0 | D:1      | Reached XP level 1. HP: 16/16 MP: 1/1
    94 | D:1      | Reached XP level 2. HP: 18/22 MP: 2/2
   452 | D:1      | Found a faded altar of an unknown god.
   941 | D:2      | Shot with a sling bullet by a gnoll

Illustrated notes

Levels and vault maps discovered:
D:1:      dpeg_arrival_round_a, layout_rooms, shapermc_ecumenical_altar_petra
D:2:      layout_basic, serial_bayou_pond_b, minmay_misc_feat_tiny

Action                   || total
-------------------------++-------
Melee: Quarterstaff      ||    34
  Use: Scroll            ||     2
 Stab: Sleeping          ||     1
Armor: Leather armour    ||    10
Dodge: Dodged            ||    38
